 Dungeon Crawl Stone Soup version 0.20.1-1-g8b1a95d (console) character file.

406 hilaritas the Chopper (level 6, -7/50 HPs)
             Began as a Centaur Gladiator on Nov 19, 2017.
             Killed from afar by an orc wizard (9 damage)
             ... with a magic dart
             ... on level 5 of the Dungeon.
             The game lasted 00:08:52 (4273 turns).

hilaritas the Chopper (Centaur Gladiator)           Turns: 4273, Time: 00:08:53

Health: -7/50      AC:  6    Str: 19    XL:     6   Next: 56%
Magic:  6/6        EV: 14    Int:  7    God:
Gold:   248        SH:  0    Dex: 15    Spells: 5/5 levels left

rFire    . . .     SeeInvis +   a - +1 war axe
rCold    . . .     Gourm    .   (no shield)
rNeg     . . .     Faith    .   p - +0 ring mail
rPois    .         Spirit   .   c - +0 helmet
rElec    +         Reflect  .   (no cloak)
rCorr    .         Harm     .   (no gloves)
MR       .....     Rnd*Tele +   (no barding)
Stlth    ..........             (no amulet)
Regen    0.2/turn               y - ring "Arrug" {+Inv rElec SInv Stlth-}
MPRegen  0.1/turn               (no ring)

@: agile, very quick
A: hooves 3, see invisible, deformed body, deterioration 1, speed 2,
teleportitis 1, tough skin 3
a: Evoke Invisibility


You were on level 5 of the Dungeon.
You were not hungry.

You visited 1 branch of the dungeon, and saw 5 of its levels.

You collected 248 gold pieces.

Inventory:

Hand Weapons
 a - a +1 war axe (weapon)
 m - a +0 hand axe
 w - a +0 whip
Missiles
 d - 3 throwing nets (quivered)
Armour
 c - a +0 helmet (worn)
 p - a +0 ring mail (worn)
Jewellery
 y - the ring "Arrug" (left hand) {+Inv rElec SInv Stlth-}
   (You found it on level 4 of the Dungeon)

   [ring of loudness]

   It insulates you from electricity.
   It lets you see invisible.
   It lets you turn invisible.
   It makes you less stealthy.
Wands
 b - a wand of confusion (35/48)
Scrolls
 i - 2 scrolls of immolation
 j - 2 scrolls of identify
 n - 3 scrolls of teleportation
Comestibles
 f - 3 bread rations
 g - 2 meat rations
 h - 2 chunks of flesh
 r - 2 fruits
 x - a royal jelly


   Skills:
 + Level 2.9 Fighting
 * Level 6.5 Axes
 - Level 2.1 Throwing
 - Level 2.1 Dodging


You had 5 spell levels left.
You didn't know any spells.

Dungeon Overview and Level Annotations

Branches:
Dungeon (5/15)
 Temple: D:4-7

Altars:
Ashenzari
Vehumet

Annotations:
D:5 Prince Ribbit


Innate Abilities, Weirdness & Mutations

You have hooves in place of feet.
Armour fits poorly on your strangely shaped body.
You cover ground very quickly.
You have extremely tough skin. (AC +3)
You have supernaturally acute eyesight. (SInv)
Your body sometimes deteriorates upon taking damage.
You are occasionally teleported next to monsters.


Message History

The orc wizard blinks!
The orc throws a tomahawk.
The tomahawk misses you. The quokka misses you.
You feel agile all of a sudden. The orc wizard casts a spell at you.
You resist with some effort. Prince Ribbit completely misses you.
The quokka barely misses you.
The orc throws a tomahawk.
The tomahawk barely misses you. Prince Ribbit closely misses you.
You slash Prince Ribbit! Your kick misses Prince Ribbit.
Prince Ribbit is moderately wounded.
You closely miss the quokka.
The orc wizard points at you and mumbles some strange words.
The magic dart hits you!
Prince Ribbit hits you but does no damage.
The quokka barely misses you.
You hit Prince Ribbit. Your kick misses Prince Ribbit.
Prince Ribbit is moderately wounded.
You closely miss the quokka. The orc wizard casts a spell at you.
The magic dart hits you!
You die...

#...# #.#.........<....
...###.##.............
## #...##...)._.......
#####...#..............
#.......#.............
#^................
###...........).....
........(.?..........
#####........o......
##........F.#...
..........@.##
.)##########rW# # #o#
... ... ..... .... ####


You could see Prince Ribbit, a phantom, an orc wizard, an orc and a quokka.

Vanquished Creatures
  A phantom (D:4)
  3 orc priests
  A hound (D:4)
  Ijyb (D:5)
  3 worker ants
  A hound skeleton (D:4)
  2 adders
  2 oozes
  A worm (D:3)
  A dart slug (D:2)
  2 leopard geckos
  6 orcs
  A ball python (D:2)
  3 bats
  A giant cockroach (D:4)
  4 goblins
  6 hobgoblins
  4 jackals (D:3)
  8 kobolds
  5 frilled lizards
  A quokka zombie (D:5)
  4 rats
61 creatures vanquished.

Notes
Turn   | Place    | Note
-------+----------+-------------------------------------------
     0 | D:1      | hilaritas the Centaur Gladiator began the quest for the Orb.
     0 | D:1      | Reached XP level 1. HP: 17/17 MP: 1/1
    79 | D:1      | Reached skill level 3 in Axes
   319 | D:1      | Reached XP level 2. HP: 24/24 MP: 2/2
  1111 | D:2      | Reached XP level 3. HP: 25/29 MP: 3/3
  1315 | D:2      | Reached skill level 4 in Axes
  2372 | D:3      | Reached XP level 4. HP: 30/36 MP: 4/4
  2617 | D:3      | Found a radiant altar of Vehumet.
  2943 | D:4      | Got a vibrating ivory ring
  2952 | D:4      | Identified the ring "Arrug" {+Inv rElec SInv Stlth-} (You found it on level 4 of the Dungeon)
  2981 | D:4      | Reached skill level 5 in Axes
  2981 | D:4      | Reached XP level 5. HP: 23/42 MP: 5/5
  3270 | D:4      | Noticed a phantom
  3305 | D:4      | Killed a phantom
  3393 | D:4      | Reached XP level 6. HP: 34/50 MP: 6/6
  3511 | D:4      | Reached skill level 6 in Axes
  3972 | D:5      | Entered Level 5 of the Dungeon
  3985 | D:5      | Noticed Ijyb
  4012 | D:5      | Killed Ijyb
  4048 | D:5      | Found a shattered altar of Ashenzari.
  4143 | D:5      | Gained mutation: You are occasionally teleported next to monsters. [potion of mutation]
  4143 | D:5      | Gained mutation: Your body sometimes deteriorates upon taking damage. [potion of mutation]
  4143 | D:5      | Gained mutation: You have supernaturally acute eyesight. (SInv) [potion of mutation]
  4261 | D:5      | Noticed Prince Ribbit
  4270 | D:5      | HP: 1/50 [Prince Ribbit (10)]
  4273 | D:5      | Killed from afar by an orc wizard

Skill      XL: |  1  2  3  4  5  6 |
---------------+-------------------+-----
Axes           | 3 4 5 6 |  6.5
Fighting       | |  2.9
Throwing       | |  2.1
Dodging        | |  2.1

Action                   |  1- 3 |  4- 6 || total
-------------------------+-------+-------++-------
Melee: War axe           |   104 |    98 ||   202
       Kick              |    18 |    17 ||    35
  Use: Potion            |       |     9 ||     9
       Scroll            |       |    10 ||    10
  Eat: Chunk             |     3 |     5 ||     8
Armor: Leather armour    |    15 |       ||    15
       Ring mail         |    31 |    35 ||    66
Dodge: Dodged            |    60 |    57 ||   117
